 Dungeon Crawl Stone Soup version 0.30-a0-778-g2ef04afb54 (webtiles) character file.

Game seed: 7227368550446202966

96 Pimp the Trooper (level 4, 0/35 HPs)
             Began as a Demonspawn Fighter on Feb 16, 2023.
             Slain by Grinder (7 damage)
             ... while paralysed by Grinder
             ... on level 3 of the Dungeon.
             The game lasted 00:05:05 (2292 turns).

Pimp the Trooper (Demonspawn Fighter)               Turns: 2292, Time: 00:05:05

Health: 0/35       AC:  8    Str: 18    XL:     4   Next: 41%
Magic:  4/4        EV:  2    Int: 10    God:
Gold:   113        SH:  0    Dex: 12    Spells: 3/3 levels left

rFire   . . .      SeeInvis .    a - +0 long sword
rCold   + . .      Faith    .    c - +0 buckler
rNeg    . . .      Spirit   .    p - +2 ring mail {rC+}
rPois   .          Reflect  .    (no helmet)
rElec   .          Harm     .    (no cloak)
rCorr   .          Rampage  .    q - +0 pair of gloves
Will    .....                    (no boots)
Stlth   +                        (no amulet)
HPRegen 0.25/turn                o - ring of wizardry
MPRegen 0.09/turn                (no ring)

@: paralysed, agile, invisible
A: claws 1, powered by pain 1
a: no special abilities


You were on level 3 of the Dungeon.
You visited 1 branch of the dungeon, and saw 3 of its levels.

You collected 113 gold pieces.

Inventory:

Hand Weapons
 a - a +0 long sword (weapon)
Armour
 c - a +0 buckler (worn)
 p - a +2 ring mail of cold resistance (worn)
 q - a +0 pair of gloves (worn)
Jewellery
 o - a ring of wizardry (left hand)
Scrolls
 b - a scroll of noise {unknown}
 f - a scroll of brand weapon {unknown}
 g - a scroll of silence {unknown}
 h - 2 scrolls of identify
 j - a scroll of teleportation {unknown}
Potions
 d - a potion of might
 e - a potion of invisibility
 i - a potion of curing
 k - a potion of lignification {unknown}
 m - a potion of attraction {unknown}
 n - a potion of mutation {unknown}


   Skills:
 + Level 3.5 Fighting
 + Level 2.7 Long Blades
 + Level 3.3 Armour
 + Level 0.7 Dodging
 + Level 3.1 Shields


You had 3 spell levels left.
You didn't know any spells.
Your spell library contained the following spells:

 Spells                   Type           Power      Damage    Failure   Level
 Ignite Poison            Fire/Tmut/Pois 0%         N/A       67%         3
 Kindle Blastsparks       Fire/Tloc/Air  0%         2d10      67%         3
 Freezing Cloud           Conj/Ice/Air   0%         6-21      100%        5


Dungeon Overview and Level Annotations

Branches:
Dungeon (3/15)

Altars:

Annotations:
D:3 Grinder


Innate Abilities, Weirdness & Mutations

You have sharp fingernails.
You sometimes gain a little power by taking damage.


Message History

You resist. The endoplasm barely misses you.
The endoplasm attacks as you move away!
The endoplasm hits you but does no damage.
You slash the endoplasm!
You kill the endoplasm!
Grinder barely misses you.
You hit Grinder.
Grinder is lightly wounded.
Grinder gestures at you.
You suddenly lose the ability to move!
Grinder hits you but does no damage. Grinder hits you.
You writhe in agony.
Grinder hits you but does no damage.
You can move again.
You catch the helpless Grinder completely off-guard!
You hit Grinder.
Grinder is lightly wounded.
Grinder hits you.
You writhe in agony.
Grinder hits you but does no damage.
You barely miss Grinder.
Grinder is lightly wounded.
Grinder gestures at you. Pain shoots through your body!
You focus on the pain.
You feel agile all of a sudden.
You closely miss Grinder.
Grinder is lightly wounded.
Grinder hits you.
* * * LOW HITPOINT WARNING * * *
You writhe in agony.
* * * LOW HITPOINT WARNING * * *
Unknown command.
You feel better. Grinder gestures at you.
You suddenly lose the ability to move!
Grinder hits you.
* * * LOW HITPOINT WARNING * * *
You writhe in agony.
* * * LOW HITPOINT WARNING * * *
Grinder hits you!
You die...

#.......#######..#...###...#
####.#### #........#........
#.# #.###..#....##.).# #.#
#.# #.....#.##...# #.# #.#
#............. #.# #.#
##....#.##...# #.# #[#
#....#.###.## #.# #.#
......... #.# #.#
###@##..... ... ..# #.#
#...5...... ##.# #.#
#.#........ #.##
#.####.######... #...
#......# .. #### ########
.###### ....... #######


You could see Grinder (unable to see you).

Vanquished Creatures
  3 adders
  2 worms
  2 dart slugs
  6 ball pythons
  3 bats
  3 endoplasms
  2 giant cockroaches (D:3)
  6 goblins
  7 hobgoblins
  6 jackals
  5 kobolds
  2 quokkas
  4 frilled lizards
  3 rats
54 creatures vanquished.

Notes
Turn   | Place    | Note
-------+----------+-------------------------------------------
     0 | D:1      | Pimp the Demonspawn Fighter began the quest for the Orb.
     0 | D:1      | Reached XP level 1. HP: 18/18 MP: 1/1
     1 | D:1      | Noticed an electric eel
   224 | D:1      | Gained mutation: You sometimes gain a little power by
                  | taking damage. [demonic ancestry]
   224 | D:1      | Reached XP level 2. HP: 10/24 MP: 2/2
   363 | D:1      | Found a faded altar of an unknown god.
  1158 | D:2      | Gained mutation: You have sharp fingernails. [demonic
                  | ancestry]
  1158 | D:2      | Reached XP level 3. HP: 21/29 MP: 3/3
  1724 | D:3      | Reached XP level 4. HP: 24/35 MP: 4/4
  2271 | D:3      | Noticed Grinder
  2283 | D:3      | Paralysed by Grinder for 4 turns
  2290 | D:3      | Paralysed by Grinder for 4 turns
  2292 | D:3      | Slain by Grinder

Illustrated notes

Levels and vault maps discovered:
D:1:      arrival_aquarium_a, layout_basic, ebering_ecumenical_altar_rust,
          minmay_tromino_v7
D:2:      layout_loops_corners
D:3:      layout_loops_ring, uniq_grinder

Skill      XL: |  1  2 |
---------------+-------+-----
Long Blades    | 2 |  2.7
Shields        | 3 |  3.1
Armour         | 3 |  3.3
Fighting       | |  3.5
Dodging        | |  0.7

Action                     |  1- 3 |  4- 6 || total
---------------------------+-------+-------++-------
  Melee: Long sword        |   137 |    50 ||   187
    Use: Potion            |       |     2 ||     2
         Scroll            |       |     1 ||     1
   Stab: Distracted        |     1 |       ||     1
         Invisible         |       |     1 ||     1
 Armour: Scale mail        |    42 |       ||    42
         Chain mail        |    55 |    15 ||    70
         Ring mail         |       |    10 ||    10
  Dodge: Dodged            |    56 |    22 ||    78
  Block: Buckler           |    33 |     4 ||    37

Table legend: (Time is in decaauts)
 A = Elapsed time spent in this place.
 B = Non-inter-level travel time spent in this place.
 C = Inter-level travel time spent in this place.
 D = Time resting spent in this place.
 E = Time spent auto-exploring this place.
 F = Levels seen in this place.
 G = Mean time per level.
                   A        B        C        D        E       F      G
               +--------+--------+--------+--------+--------+-----+--------+
         Total |   2352 |   2352 |      0 |     32 |   1741 |   3 |  784.0 |
       Dungeon |   2352 |   2352 |      0 |     32 |   1741 |   3 |  784.0 |
               +--------+--------+--------+--------+--------+-----+--------+

Top non-repeatable levels by time:
     D:1: 842 daAuts
     D:2: 826 daAuts
     D:3: 682 daAuts
